 Dungeon Crawl Stone Soup version 0.18-a0-1418-ga86aa8f (webtiles) character file.

45 Ijustatesigmund the Sneak (level 3, -1/23 HPs)
             Began as an Octopode Wizard on Feb 26, 2016.
             Slain by an adder (4 damage)
             ... on level 2 of the Dungeon.
             The game lasted 00:05:29 (1471 turns).

Ijustatesigmund the Sneak (Octopode Wizard)         Turns: 1471, Time: 00:05:31

Health: -1/23      AC:  2    Str:  6    XL:     3   Next: 64%
Magic:  7/7        EV: 12    Int: 20    God:
Gold:   80         SH:  0    Dex: 11    Spells: 4 memorised, 0 levels left

rFire  . . .     SeeInvis .       - Unarmed
rCold  . . .     Gourm    .     (no shield)
rNeg   . . .     Faith    .     a - +1 hat
rPois  .         Spirit   .     (no amulet)
rElec  .         Dismiss  .     (no ring)
rCorr  .         Reflect  .     (no ring)
SustAt .         Harm     .     (no ring)
MR     .....                    (no ring)
Stlth  +++.......               (no ring)
                                (no ring)
                                (no ring)
                                (no ring)

@: lethally poisoned (-1 -> -21), very slightly contaminated, hasted, very
quick, not resistant to hostile enchantments, fairly stealthy
A: almost no armour, amphibious, 8 rings, constrict 8, camouflage 1, gelatinous
body 1
a: no special abilities


You were on level 2 of the Dungeon.
You were hungry.

You visited 1 branch of the dungeon, and saw 2 of its levels.

You collected 80 gold pieces.

Inventory:

Armour
 a - a +1 hat (worn)
Scrolls
 e - 2 scrolls of blinking
 h - a scroll of fear {unknown}
 l - a scroll of teleportation
Potions
 d - 2 potions of might
 f - a potion of haste
 g - a potion of curing
 i - a potion of cure mutation {unknown}
 j - a potion of brilliance {unknown}
 k - a potion of berserk rage {unknown}
Books
 b - a book of Minor Magic

   Spells                             Type                      Level
   a - Magic Dart                     Conjuration                  1
   b - Blink                          Translocation                2
   c - Call Imp                       Summoning                    2
   d - Repel Missiles                 Charms/Air                   2
   e - Slow                           Hexes                        2
   f - Conjure Flame                  Conjuration/Fire             3
   g - Mephitic Cloud                 Conjuration/Poison/Air       3
Comestibles
 c - 2 bread rations


   Skills:
 + Level 1.3 Fighting
 - Level 2.0 Dodging
 - Level 3.2 Stealth
 + Level 1.3 Unarmed Combat
 - Level 3.0 Spellcasting
 + Level 2.1 Conjurations
 - Level 1.0 Summonings
 - Level 1.0 Translocations


You couldn't memorise any spells.
You knew the following spells:

 Your Spells              Type           Power        Failure   Level  Hunger
a - Magic Dart            Conj           ##..         10%         1    None
b - Blink                 Tloc           N/A          17%         2    ##.....
c - Call Imp              Summ           #.......     17%         2    ##.....
d - Conjure Flame         Conj/Fire      #.......     30%         3    ###....


Dungeon Overview and Level Annotations

Branches:
Dungeon (2/15)

Altars:
Dithmenos
Fedhas
Sif Muna


Innate Abilities, Weirdness & Mutations

You cannot wear most types of armour.
You are amphibious.
You can wear up to eight rings at the same time.
You can use your tentacles to constrict eight enemies at once.
Your skin changes colour to match your surroundings (Stealth).
Your rubbery body absorbs attacks (AC +1).


Message History

Your squeeze misses the adder.
The adder is moderately wounded.
The adder bites you.
You are lethally poisoned!
The adder poisons you! The adder bites you.
You miss the adder. Your grab misses the adder.
The adder is moderately wounded.
You feel sick. The adder barely misses you. The adder closely misses you.
You closely miss the adder. Your grab misses the adder.
The adder is moderately wounded.
The adder bites you.
You are more poisoned.
The adder poisons you! The adder closely misses you.
You closely miss the adder. Your grab misses the adder.
The adder is moderately wounded.
You feel sick. The adder bites you.
* * * LOW HITPOINT WARNING * * *
You are more poisoned.
The adder poisons you! The adder bites you.
You die...

♣♣..... ♣.%.._.
♣...... ......% .....
########### ♣...
#.......... ♣♣..S♣♣
##.#####<.. #♣♣
♣...S@♣♣♣♣♣##.### #.##
#.#
##..##.%........###.##
#.# #.#####.#
#.#.####.......## #.#
#.......# #.#.#
##........ #.#
#..####.. ..#.#
#..###### #.# #..#
#.#####.# #..# # #.#
#..# #.# ###.#####..#
### #.# #.†#
##.##...........# #..
#.#
#..###....#.#.######.#
#.#


You could see 2 adders.

Vanquished Creatures
  3 worms
  A dart slug (D:2)
  A giant gecko (D:1)
  A giant cockroach (D:1)
  7 goblins
  4 hobgoblins
  4 jackals (D:1)
  4 bats
  A giant newt (D:1)
  3 kobolds
  2 rats (D:2)
31 creatures vanquished.

Notes
Turn   | Place    | Note
--------------------------------------------------------------
     0 | D:1      | Ijustatesigmund the Octopode Wizard began the quest for the Orb.
     0 | D:1      | Reached XP level 1. HP: 11/11 MP: 4/4
   221 | D:1      | Reached XP level 2. HP: 10/18 MP: 0/6
   225 | D:1      | Learned a level 2 spell: Blink
   452 | D:1      | Reached skill level 1 in Fighting
   841 | D:1      | Reached XP level 3. HP: 23/23 MP: 7/7
   897 | D:1      | Reached skill level 1 in Unarmed Combat
   954 | D:2      | Learned a level 2 spell: Call Imp
   958 | D:2      | Learned a level 3 spell: Conjure Flame
   993 | D:2      | Found a shadowy altar of Dithmenos.
   993 | D:2      | Found a deep blue altar of Sif Muna.
  1459 | D:2      | Found a blossoming altar of Fedhas.
  1471 | D:2      | Slain by an adder

Vault maps used:
D:1:      lemuel_arrival_hallway, roderic_serpentine_path
D:2:      fedhas_altar_fruit_tree, gammafunk_temple_overflow_elements,
          columned_hall_lemuel

Skill      XL: |  1  2  3 |
---------------+----------+-----
Stealth        | 3 |  3.2
Fighting       | 1 |  1.3
Unarmed Combat | 1 |  1.3
Conjurations   | 2 |  2.1
Dodging        | |  2.0
Spellcasting   | |  3.0
Summonings     | |  1.0
Translocations | |  1.0

Action                   || total
-------------------------++-------
Melee: Unarmed           ||    83
 Cast: Magic Dart        ||    34
  Use: Scroll            ||     6
       Potion            ||     2
 Stab: Sleeping          ||     5
  Eat: Chunk             ||     1
